 Dungeon Crawl Stone Soup version 0.24-a0-779-g36f0aeb843 (webtiles) character file.

Game seed: 112095938876694236, levelgen mode: deterministic

214146 Amen the Warrior (level 18, 0/131 HPs)
             Began as a Gargoyle Fighter on Oct 8, 2019.
             Was a High Priest of Makhleb.
             Hit by a large rock thrown by Polyphemus (16 damage)
             ... on level 4 of the Shoals.
             The game lasted 03:06:35 (33530 turns).

Amen the Warrior (Gargoyle Fighter)                Turns: 33530, Time: 03:06:35

Health: 0/131      AC: 33    Str: 26    XL:     18   Next: 98%
Magic:  0/27       EV: 18    Int:  7    God:    Makhleb [*****.]
Gold:   1168       SH: 14    Dex: 17    Spells: 17/17 levels left

rFire    . . .     SeeInvis .   w - +11 flail of Utal {drain, rElec rN+}
rCold    . . .     Gourm    .   N - +2 shield
rNeg     + + +     Faith    .   J - +0 acid dragon scales
rPois    ∞         Spirit   +   h - +2 helmet
rElec    +         Reflect  .   G - scarf {Spirit}
rCorr    +         Harm     .   R - +1 pair of gloves
MR       +....                  u - +2 pair of boots
Stlth    +.........             o - amulet of rage
HPRegen  0.31/turn              s - ring "Rawaf" {rElec rPois rN+ Int-3 Dex+2}
MPRegen  0.20/turn              M - +5 ring of dexterity

@: berserk cooldown, flying
A: big wings, negative energy resistance 1, electricity resistance, wild magic
1, unbreathing, petrification resistance, rot immunity, AC +13
}: 1/15 runes: serpentine
a: Stop Flying, Minor Destruction, Lesser Servant of Makhleb, Major Destruction,
Greater Servant of Makhleb, Renounce Religion, Evoke Berserk Rage


You were on level 4 of the Shoals.
You worshipped Makhleb.
Makhleb was extremely pleased with you.
You were not hungry.

You visited 7 branches of the dungeon, and saw 33 of its levels.
You visited the Abyss 2 times.
You visited 2 bazaars.
You also visited: Ice Cave.

You collected 3207 gold pieces.
You spent 2039 gold pieces at shops.

Inventory:

Hand Weapons
 c - the +7 trident "Kotaan" {protect, +Rage MR++ Str-5 Int+4}
   (You found it on level 4 of the Shoals)

   It grants its wielder temporary protection when it strikes (+7 to AC).
   It affects your strength (-5).
   It affects your intelligence (+4).
   It affects your resistance to hostile enchantments.
   It lets you go berserk.
 w - the +11 flail of Utal (weapon) {drain, rElec rN+}
   (You found it on level 4 of the Dungeon)

   A truly terrible weapon, it drains the life of those it strikes.
   It insulates you from electricity.
   It protects you from negative energy.
 W - the +1 great mace of Cirrin {vamp, Dex+2}
   (You bought it in a shop on level 12 of the Dungeon)

   It inflicts no extra harm, but heals its wielder when it wounds a living foe.
   It affects your dexterity (+2).
Armour
 h - a +2 helmet (worn)
 u - a +2 pair of boots (worn)
 G - a scarf of spirit shield (worn)
 J - +0 acid dragon scales (worn)
 L - +0 fire dragon scales
 N - a +2 shield (worn)
 R - a +1 pair of gloves (worn)
Jewellery
 a - a +4 ring of evasion
 k - an uncursed ring of protection from fire
 o - an amulet of rage (around neck)
 q - an uncursed ring of see invisible
 s - the ring "Rawaf" (left hand) {rElec rPois rN+ Int-3 Dex+2}
   (You found it on level 1 of the Orcish Mines)

   [ring of dexterity]

   It affects your intelligence (-3).
   It affects your dexterity (+2).
   It insulates you from electricity.
   It protects you from poison.
   It protects you from negative energy.
 t - the ring of Music {rElec rC+ MR- MP+9 Dex+5}
   (You found it on level 1 of the Shoals)

   [ring of magical power]

   It affects your dexterity (+5).
   It protects you from cold.
   It insulates you from electricity.
   It affects your resistance to hostile enchantments.
   It affects your magic capacity (+9).
 A - an uncursed amulet of harm
 F - an uncursed ring of protection from cold
 K - an uncursed amulet of the acrobat
 M - a +5 ring of dexterity (right hand)
 O - the ring of Xudghibasm {rCorr SInv}
   (You found it on level 1 of the Snake Pit)

   [ring of resist corrosion]

   It lets you see invisible.
   It provides partial protection from all sources of acid and corrosion.
 S - an uncursed amulet of magic regeneration
 X - an uncursed amulet of faith
Wands
 b - a wand of clouds (6)
 p - a wand of iceblast (10)
 r - a wand of acid (8)
 y - a wand of paralysis (9)
 C - a wand of scattershot (4)
 H - a wand of polymorph (20)
 Y - a wand of disintegration (9)
Scrolls
 g - a scroll of fog
 j - 14 scrolls of identify
 v - 5 scrolls of enchant armour
 x - 2 scrolls of amnesia
 z - 17 scrolls of remove curse
 B - 6 scrolls of enchant weapon
 D - 2 scrolls of magic mapping
 E - 3 scrolls of holy word
 P - 4 scrolls of teleportation
 T - a scroll of silence
 V - a scroll of blinking
Potions
 d - 3 potions of might
 e - 6 potions of curing
 l - 3 potions of agility
 m - 2 potions of magic
 n - 2 potions of resistance
 Q - 2 potions of ambrosia
 Z - a potion of invisibility
Miscellaneous
 i - a sack of spiders
Comestibles
 f - 43 rations


   Skills:
 + Level 20.9 Fighting
 - Level 14.2 Maces & Flails
 - Level 15.0 Armour
 + Level 10.9 Dodging
 - Level 7.6 Shields
 - Level 13.0 Invocations


You had 17 spell levels left.
You didn't know any spells.
Your spell library contained the following spells:

 Spells                   Type           Power        Failure   Level  Hunger
 Animate Skeleton         Necr           N/A          86%         1    ##.....
 Apportation              Tloc           #.....       86%         1    ##.....
 Confusing Touch          Hex            #.....       86%         1    ##.....
 Magic Dart               Conj           #...         86%         1    ##.....
 Sandblast                Erth           #.....       86%         1    ##.....
 Shock                    Conj/Air       #...         86%         1    ##.....
 Summon Small Mammal      Summ           #...         86%         1    ##.....
 Blink                    Tloc           N/A          95%         2    ###....
 Call Imp                 Summ           #.......     95%         2    ###....
 Corpse Rot               Necr           N/A          95%         2    ###....
 Passwall                 Tmut/Erth      #.......     95%         2    ###....
 Slow                     Hex            #.......     95%         2    ###....
 Swiftness                Chrm/Air       #.......     95%         2    ###....
 Conjure Flame            Conj/Fire      #.......     99%         3    ####...
 Mephitic Cloud           Conj/Pois/Air  #.......     99%         3    ####...
 Static Discharge         Conj/Air       #.......     99%         3    ####...
 Stone Arrow              Conj/Erth      #.....       99%         3    ####...
 Airstrike                Air            #.........   100%        4    #####..
 Petrify                  Tmut/Erth      #.......     100%        4    #####..
 Agony                    Necr           #.......     100%        5    ######.
 Bolt of Draining         Conj/Necr      #.........   100%        5    ######.
 Dispel Undead            Necr           #.......     100%        5    ######.
 Excruciating Wounds      Chrm/Necr      #.........   100%        5    ######.
 Lee's Rapid Deconstruct  Erth           #.........   100%        5    ######.
 Lightning Bolt           Conj/Air       #.........   100%        5    ######.
 Sublimation of Blood     Necr           Unusable     N/A         2    N/A

Dungeon Overview and Level Annotations

Branches:
Dungeon (15/15)            Temple (1/1) D:4            Lair (6/6) D:10
 Shoals (4/4) Lair:4        Snake (4/4) Lair:3        Slime (0/5) Lair:6
    Orc (2/2) D:9             Elf (1/3) Orc:2        Vaults (0/5) D:13
 Depths (0/5) D:15          IceCv (visited)

Altars:
Ashenzari
Cheibriados
Dithmenos
Elyvilon
Fedhas
Gozag
Hepliaklqana
Kikubaaqudgha
Makhleb
Nemelex Xobeh
Okawaru
Qazlal
Ru
Sif Muna
Trog
Uskayaw
Vehumet
Wu Jian
Xom
Yredelemnul
Zin
The Shining One
Beogh

Shops:
D:5 !:   D:9 (   D:12 (   Orc:2 [(*[   Shoals:2 ?   Snake:1 ?=:

Annotations:
D:7 exclusion: oklob plant
D:8 2 transporters
D:15 exclusion: Roxanne, Nessos; Roxanne
Lair:2 3 runed translucent doors, peterlawrence's ghost, journeyman MiFi
Lair:6 exclusion: 2 oklob plants
Shoals:4 Polyphemus
Snake:2 Vashnia
Snake:4 1 runed translucent door, Linguinho's ghost, adept GrFi
Orc:1 1 transporter, Firoutem's ghost, journeyman MiBe
Orc:2 3 runed translucent doors, Gynju's ghost, journeyman DEFE; HumanIsDead's ghost, journeyman HuGl; feta's ghost, journeyman GrMo; topfpfpflanze's ghost, journeyman DEWz


Innate Abilities, Weirdness & Mutations

You are resistant to torment.
Your stone body is resilient. (AC +13)
You are immune to poison.
Your large and strong wings let you fly indefinitely.
You resist negative energy. (rN+)
You are resistant to electric shocks. (rElec)
You can survive without breathing.
You are immune to petrification.
You are immune to rotting.
Your spells are a little harder to cast, but a little more powerful.


Message History

The boomerang hits you but does no damage.
The weapon returns to the merfolk!
A demon appears!
The catoblepas bellows!
The merfolk throws a boomerang.
You block the boomerang.
The weapon returns to the merfolk!
As you read the scroll of fog, it crumbles to dust.
The scroll dissolves into smoke.
Polyphemus shouts, "Attack, my pets!
Attack!"
The merfolk throws a boomerang.
You block the boomerang.
The weapon returns to the merfolk!
The merfolk throws a boomerang.
The boomerang barely misses you.
The weapon returns to the merfolk!
Polyphemus throws a large rock.
The large rock barely misses you.
You feel yourself speed up. You block the merfolk's attack.
Polyphemus throws a large rock.
The large rock closely misses you.
You see here a large rock.
You block the merfolk's attack.
Polyphemus throws a large rock.
The large rock hits you!!
You die...

**,,≈≈≈≈≈≈≈≈≈≈≈≈≈≈≈≈≈≈≈≈≈≈≈
,**,,≈≈≈≈≈≈≈≈≈≈≈.≈≈≈≈≈≈≈≈≈≈
,,**,≈≈≈≈≈≈≈..≈≈..≈≈≈≈≈≈≈≈≈
,≈**,≈≈≈≈≈≈≈Y..≈≈..≈≈≈C≈≈≈≈
≈***,,.......≈..§§≈≈≈≈≈≈≈≈≈
,***,,....(..§Y§§§≈≈≈≈≈≈≈≈≈
,,*,,,........#§§§§≈≈≈≈≈≈≈≈
,,*≈,,........#2§§≈..≈≈≈≈≈≈
**,,,,........##@§..≈≈≈≈≈≈≈
**,,,,..........m≈≈≈≈≈≈≈≈≈≈
,,,,,,...........≈≈≈≈≈≈≈≈≈≈
,,,,,,...........≈≈≈≈≈≈≈≈≈≈
,,,,,,........≈≈...≈≈≈≈≈≈≈≈
,,,,,,.......≈≈≈..≈≈≈≈≈≈≈≈≈
,,,,,,.........≈≈≈≈≈≈≈≈≈≈≈≈
,,,≈,,......≈≈≈≈≈≈≈≈≈≈≈≈≈≈≈
,,,,,,.......≈≈≈≈≈≈≈≈≈≈≈≈≈≈


You could see Polyphemus, a merfolk and a friendly green death.

Vanquished Creatures
  Rupert (D:15)
  Gastronok (Lair:3)
  Ilsuiw (Shoals:2)
  12 nagarajas
  Azrael (D:14)
  The ghost of Kairok the Covert, a journeyman VSAs of Okawaru (Shoals:1)
  3 merfolk javelineers
  Josephine (D:15)
  4 merfolk impalers
  2 fire dragons
  Erolcha (D:9)
  A rakshasa (D:15)
  A catoblepas (Lair:4)
  4 hydras
  9 naga warriors
  5 centaur warriors
  13 anacondas
  3 merfolk aquamancers
  A queen ant (Lair:2)
  3 alligator snapping turtles (Shoals:1)
  11 two-headed ogres
  7 naga sharpshooters
  3 dancing weapons (Elf:1)
  2 ogre magi
  2 satyrs
  2 merfolk avatars (Shoals:1)
  2 orc high priests (Orc:2)
  5 shock serpents
  Urug (Orc:2)
  A deep elf knight (D:15)
  A fire crab (shapeshifter) (D:15)
  21 sea snakes
  2 salamander mystics
  2 unseen horrors
  2 deep elf archers (Elf:1)
  8 naga ritualists
  An obsidian statue (Shoals:1)
  2 orc knights (Orc:2)
  Pikel (D:5)
  2 lindwurms (Lair:6)
  A necromancer (IceCv)
  8 harpies
  4 orc sorcerers
  3 salamanders
  9 mana vipers
  8 deep elf magi (Elf:1)
  8 manticores
  A faun (Shoals:1)
  3 ugly things
  4 cyclopes
  18 elephants
  4 water nymphs
  A moth of wrath (Shoals:1)
  37 black mambas
  10 guardian serpents
  5 merfolk sirens
  15 naga magi
  2 gargoyles
  7 torpor snails
  9 spiny frogs
  2 rime drakes
  6 ice devils (IceCv)
  2 komodo dragons
  2 trolls
  An ancient zyme (Orc:2)
  17 merfolk
  3 tyrant leeches (Lair:6)
  9 polar bears (Lair:6)
  6 hornets (Lair:6)
  A raiju (Lair:6)
  A wolf spider simulacrum (D:15)
  2 wind drakes
  6 slime creatures (D:15)
  14 blink frogs
  10 hippogriffs
  2 meliai zombies
  11 snapping turtles
  6 dream sheep (Lair:4)
  A vampire (D:15)
  6 wyverns
  8 wraiths
  4 basilisks
  37 yaks
  3 water elementals
  A fire elemental (D:14)
  2 vampire mosquitoes (D:13)
  9 wargs
  A hungry ghost (D:10)
  46 nagas
  17 hell hounds
  12 soldier ants (Lair:2)
  An acid dragon (D:10)
  4 water moccasins
  8 porcupines
  4 sky beasts
  A hornet zombie (D:15)
  12 ice beasts
  5 phantoms
  17 orc warriors
  2 slaves (D:5)
  12 ogres
  11 black bears (Lair:6)
  29 wolves
  A necrophage (D:7)
  8 centaurs
  12 crocodiles
  2 big kobolds
  Blork the orc (D:5)
  13 bullfrogs
  An earth elemental (Elf:1)
  A wyvern zombie (D:13)
  5 scorpions
  4 killer bees (D:12)
  14 wights
  5 howler monkeys
  An electric eel (Lair:3)
  A bullfrog zombie (D:12)
  7 crimson imps
  17 orc wizards
  2 quasits
  3 centaur zombies
  2 gnoll shamans
  10 centaur skeletons
  5 hounds
  6 jellies
  A bullfrog skeleton (D:5)
  A draconian simulacrum (IceCv)
  13 orc priests
  Natasha (thrice) (D:2)
  4 spriggan simulacra (IceCv)
  12 iguanas
  2 troll simulacra (IceCv)
  43 worker ants
  2 centaur simulacra (IceCv)
  2 hound skeletons
  2 worker ant zombies
  Robin (D:3)
  9 gnolls
  12 adders
  A naga simulacrum (IceCv)
  3 shadow imps
  2 oozes
  An adder zombie (D:7)
  3 worms
  3 dart slugs
  3 leopard geckos
  45 orcs
  3 bats
  2 giant cockroaches
  16 goblins
  11 hobgoblins
  21 jackals
  14 kobolds
  8 quokkas
  A ball python (D:3)
  10 frilled lizards
  7 rats
  A spectral orc (D:5)
  A plant (Lair:6)
1041 creatures vanquished.

Vanquished Creatures (collateral kills)
  2 nagarajas
  Aizul (Snake:2)
  5 naga warriors
  An anaconda (Snake:4)
  An orc high priest (Orc:2)
  3 naga sharpshooters
  A shock serpent (Snake:2)
  A sea snake (Shoals:1)
  A naga ritualist (Snake:2)
  2 orc knights (Orc:2)
  5 harpies
  2 orc sorcerers (Orc:2)
  A manticore (Shoals:4)
  3 fauns (Shoals:1)
  2 guardian serpents (Snake:4)
  2 naga magi
  2 komodo dragons
  An efreet (D:14)
  5 merfolk
  A polar bear (shapeshifter) (D:15)
  A water elemental (Shoals:2)
  9 nagas
  A hell hound (Lair:6)
  A floating eye (shapeshifter) (D:15)
  An orc warrior (Orc:2)
  2 ogres (D:15)
  An orc wizard (Orc:2)
58 creatures vanquished.

Vanquished Creatures (others)
  A nagaraja (Snake:3)
  A mana viper (Snake:3)
  2 merfolk sirens (Shoals:2)
  A merfolk (Shoals:2)
  An ice beast (D:15)
  An orc (Orc:2)
  A giant cockroach (D:5)
  A fungus (Lair:2)
  18 plants
  A withered plant (Orc:2)
28 creatures vanquished.

Grand Total: 1127 creatures vanquished

Notes
Turn   | Place    | Note
-------+----------+-------------------------------------------
     0 | D:1      | Amen the Gargoyle Fighter began the quest for the Orb.
     0 | D:1      | Reached XP level 1. HP: 14/14 MP: 1/1
   148 | D:1      | Reached XP level 2. HP: 19/19 MP: 2/2
   422 | D:1      | Reached XP level 3. HP: 23/24 MP: 3/3
   592 | D:2      | Found a faded altar of an unknown god.
   670 | D:2      | Found a shimmering blue altar of Sif Muna.
   708 | D:2      | Found an iron altar of Okawaru.
   795 | D:2      | Reached skill level 4 in Fighting
   830 | D:2      | Found a bloodstained altar of Trog.
   904 | D:2      | Noticed Natasha
   913 | D:2      | Killed Natasha
   913 | D:2      | Reached XP level 4. HP: 25/29 MP: 4/4
  1133 | D:2      | Found a snail-covered altar of Cheibriados.
  1249 | D:2      | Noticed Natasha
  1271 | D:2      | Killed Natasha
  1271 | D:2      | Reached XP level 5. HP: 15/34 MP: 5/5
  1762 | D:3      | Noticed Robin
  1965 | D:2      | Noticed Natasha
  1976 | D:2      | Killed Natasha
  2068 | D:3      | Reached skill level 5 in Maces & Flails
  2088 | D:3      | Reached XP level 6. HP: 35/40 MP: 6/6
  2152 | D:3      | Killed Robin
  2660 | D:3      | Reached skill level 5 in Fighting
  3033 | D:4      | Found a staircase to the Ecumenical Temple.
  3057 | D:4      | Got a warped flail
  3193 | D:3      | Identified the +11 flail of Utal {drain, rElec rN+} (You
                  | found it on level 4 of the Dungeon)
  3239 | D:4      | Reached XP level 7. HP: 30/44 MP: 7/7
  3577 | D:4      | Found a sparkling altar of Nemelex Xobeh.
  3831 | D:5      | Entered Level 5 of the Dungeon
  3831 | D:5      | Noticed Blork the orc
  3839 | D:5      | Killed Blork the orc
  3874 | D:5      | Found a glowing silver altar of Zin.
  4036 | D:5      | Found Kouret's Book Shoppe.
  4054 | D:5      | Reached skill level 6 in Fighting
  4057 | D:5      | Noticed Pikel
  4082 | D:5      | Killed Pikel
  4082 | D:5      | Reached skill level 7 in Fighting
  4082 | D:5      | Reached XP level 8. HP: 39/53 MP: 8/8
  4307 | D:5      | Found a basalt altar of Yredelemnul.
  4460 | D:5      | Found Wonecy's Distillery.
  4880 | D:6      | Found a white marble altar of Elyvilon.
  5060 | D:6      | Reached XP level 9. HP: 59/59 MP: 9/9
  5408 | D:7      | Reached skill level 8 in Fighting
  5421 | D:7      | Reached skill level 10 in Maces & Flails
  5707 | D:7      | Found a blossoming altar of Fedhas.
  5718 | D:7      | Noticed an oklob plant
  5911 | D:7      | Found a shattered altar of Ashenzari.
  6323 | Temple   | Entered the Ecumenical Temple
  6513 | Temple   | Became a worshipper of Makhleb the Destroyer
  6597 | D:8      | Noticed a two-headed ogre
  6604 | D:8      | Killed a two-headed ogre
  6604 | D:8      | Reached skill level 9 in Fighting
  6604 | D:8      | Reached XP level 10. HP: 61/66 MP: 10/10
  6659 | D:8      | Found a transporter.
  6660 | D:8      | Found a transporter.
  6670 | D:8      | Noticed an orc knight
  6912 | D:8      | Noticed a two-headed ogre
  6926 | D:8      | Killed a two-headed ogre
  6926 | D:8      | Reached * piety under Makhleb
  7338 | D:8      | Reached skill level 10 in Fighting
  7698 | D:9      | Reached skill level 1 in Invocations
  7723 | D:9      | Noticed a two-headed ogre
  8008 | D:9      | Killed a two-headed ogre
  8043 | D:9      | Found a staircase to the Orcish Mines.
  8100 | D:9      | Noticed Erolcha
  8109 | D:9      | Killed Erolcha
  8109 | D:9      | Reached skill level 5 in Armour
  8109 | D:9      | Reached XP level 11. HP: 73/73 MP: 12/14
  8244 | D:9      | Found Qottoan's Weapon Shoppe.
  8361 | D:9      | Got a colourful robe
  8362 | D:9      | Identified the +1 robe of Sunna {rPois rC+ rN+} (You found
                  | it on level 9 of the Dungeon)
  8420 | D:9      | Reached skill level 11 in Fighting
  8754 | D:10     | Entered Level 10 of the Dungeon
  8838 | D:10     | Reached ** piety under Makhleb
  8859 | D:10     | Reached skill level 5 in Invocations
  9063 | D:10     | Found a staircase to the Lair.
  9231 | D:10     | Noticed a two-headed ogre
  9235 | D:10     | Killed a two-headed ogre
  9440 | Lair:1   | Entered Level 1 of the Lair of Beasts
  9594 | Lair:1   | Reached *** piety under Makhleb
  9653 | Lair:1   | Noticed a five-headed hydra
  9660 | Lair:1   | Killed a five-headed hydra
  9660 | Lair:1   | Reached skill level 12 in Fighting
  9943 | Lair:2   | Reached XP level 12. HP: 81/81 MP: 14/17
 10083 | Lair:2   | Found a runed translucent gate.
 10085 | Lair:2   | Found a runed translucent gate.
 10086 | Lair:2   | Found a runed translucent gate.
 10086 | Lair:2   | Noticed a death yak
 10092 | Lair:2   | Noticed a four-headed hydra
 10093 | Lair:2   | Noticed peterlawrence's ghost (journeyman MiFi)
 10095 | Lair:2   | Noticed a minotaur
 10332 | Lair:2   | Noticed a queen ant
 10349 | Lair:2   | Killed a queen ant
 10378 | Lair:2   | Reached **** piety under Makhleb
 10447 | Lair:2   | Reached skill level 13 in Fighting
 10725 | Lair:3   | Noticed Gastronok
 10743 | Lair:3   | Killed Gastronok
 10743 | Lair:3   | Reached skill level 10 in Armour
 10765 | Lair:3   | Found a staircase to the Snake Pit.
 11057 | Lair:3   | Reached XP level 13. HP: 88/88 MP: 20/20
 11101 | Lair:3   | Reached skill level 10 in Invocations
 11103 | Lair:3   | Reached ***** piety under Makhleb
 11211 | Lair:3   | You fall into a shaft and drop 3 floors!
 11211 | Lair:6   | Entered Level 6 of the Lair of Beasts
 11211 | Lair:6   | Found a staircase to the Slime Pits.
 11444 | Lair:6   | Reached skill level 14 in Fighting
 11606 | Lair:6   | Reached skill level 5 in Shields
 12090 | Lair:6   | Found a runed translucent door.
 12091 | Lair:6   | Noticed a fire dragon
 12121 | Lair:6   | Killed a fire dragon
 12203 | Lair:6   | Gained mutation: Your large and strong wings let you fly
                  | indefinitely. [Gargoyle growth]
 12203 | Lair:6   | Reached XP level 14. HP: 96/96 MP: 17/22
 12310 | Lair:6   | Reached skill level 1 in Dodging
 12845 | Lair:5   | Reached skill level 15 in Fighting
 12946 | Lair:5   | Reached ****** piety under Makhleb
 13515 | Lair:4   | Reached skill level 5 in Dodging
 13541 | Lair:4   | Found a staircase to the Shoals.
 14651 | Orc:1    | Entered Level 1 of the Orcish Mines
 14778 | Orc:1    | Found a transporter.
 14781 | Orc:1    | Noticed Firoutem's ghost (journeyman MiBe)
 14794 | Orc:1    | Found a transporter.
 14998 | Orc:2    | Entered Level 2 of the Orcish Mines
 15027 | Orc:1    | Reached skill level 16 in Fighting
 15093 | Orc:2    | Found a roughly hewn altar of Beogh.
 15095 | Orc:2    | Found a runed translucent gate.
 15096 | Orc:2    | Found a runed translucent gate.
 15117 | Orc:2    | Found a runed translucent gate.
 15144 | Orc:2    | Found a staircase to the Elven Halls.
 15168 | Orc:2    | Noticed feta's ghost (journeyman GrMo)
 15168 | Orc:2    | Noticed Gynju's ghost (journeyman DEFE)
 15169 | Orc:2    | Noticed topfpfpflanze's ghost (journeyman DEWz)
 15169 | Orc:2    | Noticed HumanIsDead's ghost (journeyman HuGl)
 15253 | Orc:2    | Paralysed by an orc sorcerer for 2 turns
 15399 | Orc:2    | Noticed Urug
 15434 | Orc:2    | Killed Urug
 15440 | Orc:2    | Reached XP level 15. HP: 104/104 MP: 21/23
 15869 | Orc:2    | Noticed an Executioner
 15997 | Orc:2    | Found Loazid's Antique Weapon Shop.
 15997 | Orc:2    | Found Ediaxt's Armour Emporium.
 15999 | Orc:2    | Found Mucim's Armour Shop.
 15999 | Orc:2    | Found Zautenyu's Assorted Antiques.
 16013 | Orc:2    | Bought a +1 pair of gloves for 172 gold pieces
 16229 | Orc:1    | Found a burning altar of Makhleb.
 16469 | Orc:1    | Noticed an Executioner
 16471 | Orc:1    | Gained mutation: Your spells are a little harder to cast,
                  | but a little more powerful. [a neqoxec]
 16476 | Orc:1    | Got the ring "Rawaf" {Dex+2}
 16587 | Orc:1    | Identified the ring "Rawaf" {rElec rPois rN+ Int-3 Dex+2}
                  | (You found it on level 1 of the Orcish Mines)
 16868 | Snake:1  | Entered Level 1 of the Snake Pit
 16901 | Snake:1  | Identified the +7 rapier of Equilibrium {venom, rC+ MR++
                  | Str-5 Dex+3}
 17077 | Snake:1  | Found Iweol's Magic Scroll Shop.
 17080 | Snake:1  | Found Jefroskey's Jewellery Boutique.
 17082 | Snake:1  | Found Foivunwi's Book Shop.
 17262 | Snake:1  | Found a snail-covered altar of Cheibriados.
 17388 | Snake:1  | Got a pitted silver ring
 18224 | Snake:2  | Noticed Vashnia
 18665 | Snake:2  | Noticed a nagaraja
 18744 | Snake:2  | Noticed Aizul
 18755 | Snake:2  | Killed Aizul
 19046 | Snake:2  | Identified the ring of Xudghibasm {rCorr SInv} (You found
                  | it on level 1 of the Snake Pit)
 19203 | Snake:2  | Killed a nagaraja
 19493 | Shoals:1 | Entered Level 1 of the Shoals
 19638 | Shoals:1 | Found a shadowy altar of Dithmenos.
 19698 | Shoals:1 | Reached skill level 17 in Fighting
 19721 | Shoals:1 | Found a transporter.
 19747 | Shoals:1 | Found a transporter.
 19750 | Shoals:1 | Noticed Kairok's ghost (journeyman VSAs)
 19785 | Shoals:1 | Noticed an Executioner
 20159 | Shoals:1 | Killed Kairok's ghost
 20159 | Shoals:1 | Reached XP level 16. HP: 106/112 MP: 23/25
 20731 | Shoals:1 | Noticed an Executioner
 22162 | D:12     | Found Yza Varu's Antique Weapon Emporium.
 22182 | D:12     | Bought a crystal great mace for 425 gold pieces
 22182 | D:12     | Identified the cursed +1 great mace of Cirrin {vamp, Dex+2}
                  | (You bought it in a shop on level 12 of the Dungeon)
 22764 | D:13     | Found a gate to the Vaults.
 23434 | D:14     | Found a sparkling altar of Nemelex Xobeh.
 23714 | D:14     | Noticed Azrael
 23725 | D:14     | Killed Azrael
 24289 | D:15     | Entered Level 15 of the Dungeon
 24289 | D:15     | Noticed Nessos
 24446 | D:15     | Found a frozen archway.
 24451 | D:15     | Noticed Roxanne
 24562 | D:15     | Noticed Rupert
 24578 | D:15     | Paralysed by Nessos for 6 turns
 24895 | D:15     | Noticed Josephine
 24910 | D:15     | Killed Josephine
 25001 | IceCv    | Entered an ice cave
 25230 | IceCv    | Got a warped leather armour
 25243 | IceCv    | Identified the +1 leather armour "Gobots" {*Slow rC+ Dex+6
                  | Stlth+} (You found it in an ice cave)
 25572 | D:15     | Reached skill level 18 in Fighting
 26042 | D:15     | Paralysed by Rupert for 4 turns
 26058 | D:15     | Killed Rupert
 27030 | Snake:2  | Reached XP level 17. HP: 120/120 MP: 24/26
 27245 | Elf:1    | Entered Level 1 of the Elven Halls
 27907 | Elf:1    | Cast into level 3 of the Abyss (a deep elf sorcerer)
 27939 | Elf:1    | Escaped the Abyss
 27983 | Elf:1    | Cast into level 2 of the Abyss (a deep elf sorcerer)
 28022 | Elf:1    | Escaped the Abyss
 28337 | Snake:3  | Found a flickering gateway to a bazaar.
 28349 | Bazaar   | Entered a bazaar
 28349 | Bazaar   | Found Nafax's Armour Shoppe.
 28349 | Bazaar   | Found Kaest's Book Shoppe.
 28349 | Bazaar   | Found Lasutag's Gadget Emporium.
 28351 | Bazaar   | Found Paalol's General Store.
 28366 | Bazaar   | Bought a scroll of teleportation for 39 gold pieces
 28369 | Bazaar   | Bought a box of beasts for 280 gold pieces
 28369 | Bazaar   | Bought a sack of spiders for 280 gold pieces
 29224 | Snake:4  | Entered Level 4 of the Snake Pit
 29237 | Snake:4  | Reached skill level 19 in Fighting
 30192 | Snake:4  | Reached skill level 15 in Armour
 30214 | Snake:4  | Reached XP level 18. HP: 128/128 MP: 25/27
 30667 | Snake:4  | Reached skill level 20 in Fighting
 30717 | Snake:4  | Found a glowing silver altar of Zin.
 30882 | Snake:4  | Found a runed translucent door.
 30882 | Snake:4  | Found a shimmering altar of Xom.
 30882 | Snake:4  | Noticed Linguinho's ghost (adept GrFi)
 31175 | Snake:4  | Got a serpentine rune of Zot
 31489 | Shoals:1 | Got a brightly glowing hat
 31490 | Shoals:1 | Identified the cursed +0 hat of Hedonism {SInv} (You found
                  | it on level 1 of the Shoals)
 31504 | Shoals:1 | Got a heavily runed lead ring
 31505 | Shoals:1 | Identified the ring of Music {rElec rC+ MR- MP+9 Dex+5}
                  | (You found it on level 1 of the Shoals)
 31576 | Shoals:1 | Reached skill level 10 in Dodging
 31660 | Shoals:1 | Found a gateway to a bazaar.
 31673 | Bazaar   | Entered a bazaar
 31676 | Bazaar   | Found Ifatao's Magic Scroll Emporium.
 31681 | Bazaar   | Found Soetist's Distillery.
 31684 | Bazaar   | Bought a scroll of teleportation for 51 gold pieces
 31684 | Bazaar   | Bought a scroll of magic mapping for 59 gold pieces
 31688 | Bazaar   | Found Qaecaosses's Magic Scroll Emporium.
 31713 | Bazaar   | Found Guicaah's Jewellery Shop.
 31723 | Bazaar   | Found Zothrag's Food Shop.
 31763 | Bazaar   | Bought a potion of heal wounds for 100 gold pieces
 31763 | Bazaar   | Bought a potion of invisibility for 160 gold pieces
 31763 | Bazaar   | Bought a potion of heal wounds for 100 gold pieces
 31769 | Bazaar   | Bought a scroll of teleportation for 45 gold pieces
 31769 | Bazaar   | Bought a scroll of enchant weapon for 112 gold pieces
 31769 | Bazaar   | Bought a scroll of holy word for 112 gold pieces
 32023 | Shoals:2 | Noticed Ilsuiw
 32374 | Shoals:2 | Killed Ilsuiw
 32412 | Shoals:2 | Found Yjixt's Magic Scroll Boutique.
 32438 | Shoals:2 | Bought a scroll of magic mapping for 52 gold pieces
 32438 | Shoals:2 | Bought a scroll of fear for 52 gold pieces
 32950 | Shoals:4 | Entered Level 4 of the Shoals
 33001 | Shoals:4 | Noticed Polyphemus
 33351 | Shoals:4 | Got a pitted trident
 33352 | Shoals:4 | Identified the +7 trident "Kotaan" {protect, +Rage MR++
                  | Str-5 Int+4} (You found it on level 4 of the Shoals)
 33518 | Shoals:4 | HP: 3/131 [merfolk aquamancer/shard of ice (30)]
 33530 | Shoals:4 | Hit by a large rock thrown by Polyphemus

Levels and vault maps discovered:
D:1:      lemuel_arrival_rhombus, layout_basic
D:2:      layout_basic, led_sif_pool, okawaru_ov_weapons_minmay,
          lemuel_doored_altar, chequers_ecumenical_altar_simple,
          minmay_hexomino_r4, uniq_natasha
D:3:      layout_rooms, uniq_robin
D:4:      layout_cave_pools, nemelex_xobeh_ov_fountains_minmay,
          temple_fountains, lemuel_old_faithful
D:5:      layout_gridville, yredelemnul_forgotten_temple_becter, zin_treasury,
          first_ration, serial_shops, nicolae_shop_stone, shop, uniq_pikel,
          uniq_blork_the_orc
D:6:      layout_loops_ring, elyvilon_altar_1, serial_glass, glass_columns_a,
          glass_columns_c, glass_columns_a, glass_columns_b, glass_columns_b,
          glass_columns_a, due_unseen_surprise
D:7:      layout_cave_pools, tgw_fedhas, nicolae_ashenzari_panopticon
D:8:      gammafunk_beogh_shrine, layout_gridville
D:9:      minmay_skewed_foursquare, layout_stronghold, serial_shops, shop_coins,
          hangedman_fish_farm, uniq_erolcha
D:10:     layout_rooms, erik_lair_dragon,
          hangedman_abyss_or_decor_jellyfish_corner
D:11:     layout_basic
D:12:     layout_gridville, serial_shops, shop
D:13:     layout_stronghold, david_vaults_2
D:14:     layout_roguey, lemuel_statue_altar, minmay_quadrilaterals, uniq_azrael
D:15:     gammafunk_enter_depths_forms, layout_irregular_city,
          portal_ice_cave_entry_ice_beasts, kennysheep_doodads, uniq_rupert,
          uniq_roxanne, uniq_josephine, uniq_nessos
Temple:   nicolae_temple_figure_eight
Lair:1:   layout_big_grid
Lair:2:   layout_long_grid, maelrawn_ghost_gauntlet_escape, minmay_holes,
          zaba_anthell
Lair:3:   layout_hall_layers, guppyfry_snake_entry_island,
          infiniplex_staircase_pool, uniq_gastronok
Lair:4:   beast_lair_carwin_large_4, layout_long_grid,
          elwin_shoals_entry_stream, lemuel_fruit_tree,
          infiniplex_staircase_pool_2, serial_bayou_shore_b,
          serial_bayou_shore_b
Lair:5:   layout_roguey
Lair:6:   hangedman_lair_caniforms_friends, layout_loops_ring, wormcave,
          minmay_slime_entry_oklob_open, grunt_megastairs_2
Shoals:1: layout_shoals, serial_shops, statue_bzr,
          gammafunk_ghost_berserking_beasts, wheals_shoals_ruined_temple
Shoals:2: layout_shoals, serial_shops, shop_statue, uniq_ilsuiw
Shoals:3: layout_shoals, gammafunk_ghost_grave
Shoals:4: shoals_end_grunt_ice, layout_shoals, uniq_polyphemus
Snake:1:  layout_chambers, basic_altar, nrook_guardian_serpent_ordinary,
          minmay_shop_star
Snake:2:  layout_misc_corridors, uniq_vashnia, uniq_aizul
Snake:3:  layout_concentric_octagons, serial_shops, bzr_firewalk
Snake:4:  grunt_snake_rune_pools, layout_cave_town, basic_altar,
          ebering_ghost_xom
Orc:1:    layout_diamond_mine, gammafunk_ghost_stat_death, bloody_makhleb
Orc:2:    grunt_orc_tribal_feast, layout_diamond_mine, basic_altar,
          gammafunk_ghost_cemetery, uniq_urug
Elf:1:    eino_elf_arrival_sip, layout_rooms, minmay_elf_sorcery,
          nicolae_elf_m_pinch, palyth_stone_intersect

Skill      XL: |  1  2  3  4  5  6  7  8  9 10 11 12 13 14 15 16 17 18 |
---------------+-------------------------------------------------------+-----
Maces & Flails | 3 4 5 6 8 9 11 12 14 | 14.2
Fighting       | 4 5 7 9 10 12 13 14 16 17 18 19 20 | 20.9
Invocations    | 4 7 9 11 12 13 | 13.0
Armour         | 5 8 10 11 12 15 | 15.0
Shields        | 6 7 |  7.6
Dodging        | 6 8 10 | 10.9

Action                   |  1- 3 |  4- 6 |  7- 9 | 10-12 | 13-15 | 16-18 || total
-------------------------+-------+-------+-------+-------+-------+-------++-------
Melee: Flail             |   113 |     7 |   173 |   599 |  1328 |  1394 ||  3614
       Dagger            |    50 |   283 |       |       |       |       ||   333
       Great mace        |       |       |       |       |       |   493 ||   493
Invok: Lesser Servant of |       |       |       |       |     3 |    12 ||    15
       Greater Servant o |       |       |       |       |     9 |    17 ||    26
       Major Destruction |       |       |       |       |     3 |     2 ||     5
 Abil: Evoke Berserk Rag |       |       |       |     1 |     1 |     7 ||     9
       Fly               |       |       |       |       |     1 |     3 ||     4
       Stop Flying       |       |       |       |       |       |     3 ||     3
Evoke: Wand              |       |       |       |       |     3 |    11 ||    14
       Box of beasts     |       |       |       |       |       |     1 ||     1
       Sack of spiders   |       |       |       |       |       |     1 ||     1
  Use: Potion            |       |     5 |       |       |    12 |    13 ||    30
       Scroll            |       |     7 |       |     6 |    13 |    32 ||    58
 Stab: Distracted        |       |       |       |       |     2 |     6 ||     8
       Sleeping          |       |       |       |       |       |     2 ||     2
       Confused          |       |       |       |       |       |     1 ||     1
       Invisible         |       |       |       |       |       |     6 ||     6
  Eat: Chunk             |       |     5 |     8 |     9 |     9 |     9 ||    40
       Ration            |       |     1 |     1 |     2 |     7 |    13 ||    24
Armor: Scale mail        |   100 |   251 |    54 |   108 |       |       ||   513
       Acid dragon scale |       |       |       |   120 |   464 |   941 ||  1525
       Fire dragon scale |       |       |       |       |   283 |       ||   283
Dodge: Dodged            |    56 |   134 |    44 |   221 |   754 |  1380 ||  2589
Block: Shield            |    92 |   209 |    70 |   249 |  1057 |  1091 ||  2768

Table legend:
 A = Non-vault XP
 B = Vault XP
 C = Vault XP percentage of total XP
 D = Non-vault monster count
 E = Vault monster count
 F = Vault count percentage of total count
                 A         B        C        D         E       F
            +---------+---------+-------+---------+---------+-------
      Total |  187217 |  128149 |  40.6 |     736 |     362 |  33.0
            +---------+---------+-------+---------+---------+-------
        D:1 |      46 |       0 |   0.0 |      24 |       0 |   0.0
        D:2 |     106 |      54 |  33.8 |      13 |       8 |  38.1
        D:3 |     191 |      32 |  14.3 |      29 |      10 |  25.6
        D:4 |     345 |       0 |   0.0 |      13 |       0 |   0.0
        D:5 |     653 |     741 |  53.2 |      21 |       3 |  12.5
        D:6 |     418 |       0 |   0.0 |      11 |       0 |   0.0
        D:7 |    1056 |       0 |   0.0 |      21 |       0 |   0.0
        D:8 |    3227 |       0 |   0.0 |      35 |       0 |   0.0
        D:9 |    2098 |    1649 |  44.0 |      18 |       5 |  21.7
       D:10 |    3442 |    1081 |  23.9 |      29 |       6 |  17.1
       D:11 |    6237 |       0 |   0.0 |      22 |       0 |   0.0
       D:12 |    1891 |       0 |   0.0 |      24 |       0 |   0.0
       D:13 |    3838 |    2658 |  40.9 |      21 |       3 |  12.5
       D:14 |    5371 |    3038 |  36.1 |      28 |       8 |  22.2
       D:15 |   12049 |    7281 |  37.7 |      30 |      18 |  37.5
     Lair:1 |    3990 |       0 |   0.0 |      16 |       0 |   0.0
     Lair:2 |    4467 |    3799 |  46.0 |      21 |      44 |  67.7
     Lair:3 |    4535 |    2908 |  39.1 |      22 |       5 |  18.5
     Lair:4 |    7119 |    8728 |  55.1 |      28 |      19 |  40.4
     Lair:5 |    3968 |       0 |   0.0 |      11 |       0 |   0.0
     Lair:6 |    5930 |   18875 |  76.1 |      25 |      77 |  75.5
   Shoals:1 |   13091 |    8348 |  38.9 |      25 |      16 |  39.0
   Shoals:2 |   12412 |    3554 |  22.3 |      32 |       5 |  13.5
   Shoals:3 |    1322 |       0 |   0.0 |       2 |       0 |   0.0
   Shoals:4 |    3712 |   10267 |  73.4 |       9 |      17 |  65.4
    Snake:1 |   13631 |     911 |   6.3 |      25 |       2 |   7.4
    Snake:2 |   12640 |    3975 |  23.9 |      25 |       5 |  16.7
    Snake:3 |   21019 |    5166 |  19.7 |      37 |       4 |   9.8
    Snake:4 |   26651 |   32202 |  54.7 |      50 |      54 |  51.9
      Orc:1 |    2659 |       0 |   0.0 |      24 |       0 |   0.0
      Orc:2 |    3967 |    6645 |  62.6 |      37 |      30 |  44.8
      Elf:1 |    5136 |    3290 |  39.0 |       8 |       6 |  42.9
      IceCv |       0 |    2947 | 100.0 |       0 |      17 | 100.0
            +---------+---------+-------+---------+---------+-------
